 Dungeon Crawl Stone Soup version 0.30.1-9-gdf580d7c3d (webtiles) character file.

Game seed: 6025368204890039213

31822 Zalbag the Covert (level 13, -5/141 HPs)
             Began as a Djinni Fire Elementalist on Oct 25, 2023.
             Was a High Priest of Makhleb.
             Slain by a ghost moth (12 damage)
             ... on level 1 of the Spider Nest on Oct 26, 2023.
             The game lasted 00:55:11 (14481 turns).

Zalbag the Covert (Djinni Fire Elementalist)       Turns: 14481, Time: 00:55:11

Health: -5/141     AC: 26    Str:  7 (10) XL:     13   Next: 99%
Gold:   407        EV:  2    Int: 21      God:    Makhleb [*****.] SH:  0 Dex: 16 (17)

rFire   + + .        o - +10 dagger of Usiurarch {freeze, rF+ rC+ Dex+2}
rCold   + . .        (no shield)
rNeg    . . .        L - melded +2 leather armour {rC+}
rPois   ∞            M - melded +2 helmet
rElec   +            (cloak currently unavailable)
rCorr   .            N - melded +2 pair of gloves
SInv    +            (boots unavailable)
Will    +....        (no amulet)
Stlth   +++++        c - +5 ring of evasion
HPRegen 0.43/turn    G - ring "Beme Yqu" {rElec rF+ Str+3 SInv}
MPRegen 0.00/turn

%: infuse magic (-6 HP)
@: tree-form
A: stationary, stasis, torment immunity, boosted hp, sickness immunity, (fire
resistance 2), (cold vulnerability 1), float, innate caster, HP casting, extra
vitality 1
a: Renounce Religion, Minor Destruction, Lesser Servant of Makhleb, Major
Destruction, Greater Servant of Makhleb


You were on level 1 of the Spider Nest.
You worshipped Makhleb.
Makhleb was extremely pleased with you.
You were a tree.
You visited 5 branches of the dungeon, and saw 18 of its levels.

You collected 806 gold pieces.
You spent 399 gold pieces at shops.

Inventory:

Hand Weapons
 o - the +10 dagger of Usiurarch (weapon) {freeze, rF+ rC+ Dex+2}
   (You found it on level 2 of the Dungeon)

   Dex:       It affects your dexterity (+2).
   rF:        It protects you from fire.
   rC:        It protects you from cold.
 I - the +3 sling "Fefeh" {elec, rElec Str-4 Stlth+}
   (You took it off an orc priest on level 9 of the Dungeon)

   Str:       It affects your strength (-4).
   rElec:     It insulates you from electricity.
   Stlth:     It makes you more stealthy.
Missiles
 g - 18 poisoned darts (quivered)
 q - 2 curare-tipped darts
 D - a throwing net
Armour
 L - a +2 leather armour of cold resistance (melded)
 M - a +2 helmet (melded)
 N - a +2 pair of gloves (melded)
 R - a +0 buckler
Jewellery
 c - a +5 ring of evasion (left branch)
 n - an amulet of faith
 x - a ring of wizardry
 y - a ring of ice
 G - the ring "Beme Yqu" (right branch) {rElec rF+ Str+3 SInv}
   (You found it on level 9 of the Dungeon)

   [ring of protection from fire]

   Str:       It affects your strength (+3).
   rF:        It protects you from fire.
   rElec:     It insulates you from electricity.
   SInv:      It lets you see invisible.
 Q - a +5 ring of evasion
 S - a ring of positive energy
Wands
 p - a wand of light (10)
 H - a wand of iceblast (9)
 J - a wand of polymorph (12)
 P - a wand of charming (3)
Scrolls
 b - 3 scrolls of blinking
 e - 3 scrolls of teleportation
 h - 5 scrolls of poison {unknown}
 i - a scroll of acquirement {unknown}
 l - a scroll of vulnerability
 t - 3 scrolls of amnesia
 u - 4 scrolls of enchant weapon {unknown}
 v - a scroll of immolation {unknown}
 A - 5 scrolls of fear
 B - 2 scrolls of fog {unknown}
 E - a scroll of enchant armour
 F - 2 scrolls of magic mapping
 K - 2 scrolls of noise
 T - a scroll of brand weapon {unknown}
Potions
 a - a potion of berserk rage {unknown}
 d - 3 potions of cancellation {unknown}
 f - 3 potions of curing
 j - 2 potions of lignification
 k - 2 potions of flight {unknown}
 m - 3 potions of mutation
 r - 5 potions of ambrosia {unknown}
 s - a potion of magic
 w - 2 potions of brilliance
 z - 2 potions of attraction {unknown}
 C - 2 potions of might {unknown}
 O - a potion of heal wounds


   Skills:
 + Level 9.4 Fighting
 - Level 6.0 Short Blades
 - Level 2.4 Armour
 - Level 10.3 Dodging
 - Level 10.5 Stealth
 * Level 2.3 Shields
 + Level 10.4 Spellcasting
 - Level 2.1 Invocations
 - Level 1.0 Evocations


You knew the following spells:

 Your Spells              Type           Power      Damage    Failure   Level
a - Foxfire               Conj/Fire      100%       2x1d9     1%          1
b - Scorch                Fire           100%       2d9       1%          2
c - Volatile Blastmotes   Fire/Tloc      100%       2d18      1%          3
d - Inner Flame           Hex/Fire       53%        N/A       1%          3
e - Flame Wave            Conj/Fire      53%        2d13      1%          4
f - Necrotise             Necr           100%       1d9       1%          1
g - Lesser Beckoning      Tloc           100%       N/A       1%          2
h - Ensorcelled Hibernat  Hex/Ice        100%       N/A       1%          2
i - Vampiric Draining     Necr           53%        2d9       1%          3
j - Lee's Rapid Deconstr  Erth           26%        3d14*     2%          5
k - Fireball              Conj/Fire      26%        3d12      2%          5
Your spell library was empty.

Dungeon Overview and Level Annotations

Branches:
Dungeon (10/15)            Temple (1/1) D:6            Lair (5/5) D:10
 Shoals (0/4) Lair:3       Spider (1/4) Lair:2          Orc (1/2) D:9
  Slime: Lair:4-5

Altars:
Ashenzari
Cheibriados
Dithmenos
Elyvilon
Fedhas
Gozag
Hepliaklqana
Makhleb
Nemelex Xobeh
Okawaru
Qazlal
Ru
Trog
Uskayaw
Wu Jian
Xom
Yredelemnul
Zin
The Shining One

Shops:
D:1 (   D:2 ?   D:5 *   D:10 ?!

Annotations:
D:6 exclusion: statue
D:10 Snorg


Innate Abilities, Weirdness & Mutations

You are a tree.
Your roots penetrate the ground, keeping you stationary.
You cannot be teleported.
You are immune to unholy pain and torment.
Your maximum health is greatly increased.
Your equipment is partially melded.
You are immune to sickness and miasma.
You are immune to poison.
((Your flesh is very heat resistant. (rF++)))
((You are vulnerable to cold. (rC-)))
You float through the air rather than walking.
You learn spells naturally, not from books.
Your magical power is your life essence.
You have superior vitality. (+4 MHP)


Message History

Aim: a ghost moth (moderately wounded, slightly transparent, more vulnerable to fire)
You draw life force from the ghost moth!
You feel life coursing into your body!
* * * LOW HITPOINT WARNING * * *
The ghost moth stares at you.
The ghost moth hits you but does no damage. x2
The ghost moth stings you but does no damage.
Unknown command.
Casting: Vampiric Draining (safe; 1% risk of failure)
Confirm with . or Enter, or press ? or * to list all spells.
Aiming: Vampiric Draining (safe; 1% risk of failure)
Press: ? - help, Shift-Dir - straight line, f/p - ghost moth
Aim: a ghost moth (heavily wounded, slightly transparent, more vulnerable to fire)
You draw life force from the ghost moth!
You feel life coursing into your body.
* * * LOW HITPOINT WARNING * * *
The entropy weaver hits you but does no damage.
The entropy weaver hits you.
* * * LOW HITPOINT WARNING * * *
The entropy weaver completely misses you.
The entropy weaver hits you!
* * * LOW HITPOINT WARNING * * *
The ghost moth stares at you. The ghost moth hits you!
* * * LOW HITPOINT WARNING * * *
The ghost moth hits you.
* * * LOW HITPOINT WARNING * * *
The ghost moth barely misses you.
Casting: Vampiric Draining (safe; 1% risk of failure)
Confirm with . or Enter, or press ? or * to list all spells.
Aiming: Vampiric Draining (safe; 1% risk of failure)
Press: ? - help, Shift-Dir - straight line, f/p - ghost moth
Aim: a ghost moth (severely wounded, slightly transparent, more vulnerable to fire)
You draw life force from the ghost moth.
You feel life coursing into your body.
* * * LOW HITPOINT WARNING * * *
The entropy weaver hits you but does no damage. x4
The ghost moth hits you but does no damage.
The ghost moth completely misses you. The ghost moth stings you!
You die...

## ####################
#.##...##...#..#....^.#
###.....##..#........#<.
#...#..#...#.#^...#..>..
#......B.#.....(.....^#
#...†.♣y......(.#..#.#.
##....†..#...........[.
#....######.^(........
###...##.##...###...#..
##..#....)....#..##..†..
#.####.....#.####.#.(..)
##†##.##...## ##^.#..
###.##.###.# #......
##.#.## # ..#.....


You could see a ghost moth (invisible, combustible) and an entropy weaver.

Vanquished Creatures
  A spark wasp (Spider:1)
  A hydra (Lair:2)
  3 boulder beetles
  An orc high priest (D:9)
  Urug (Lair:1)
  Sonja (Lair:1)
  2 skysharks
  A sun moth (Spider:1)
  An orb spider (Spider:1)
  A steelbarb worm (Spider:1)
  A deep elf pyromancer (D:9)
  A cyclops (D:9)
  3 black mambas
  3 elephants (Lair:4)
  A moth of wrath (shapeshifter) (D:9)
  A torpor snail (Lair:1)
  A demonic crawler (Spider:1)
  9 cane toads
  2 rime drakes (Lair:4)
  2 komodo dragons (Lair:4)
  A kobold demonologist (D:9)
  Maggie (D:6)
  A troll (D:9)
  A hornet (D:9)
  Prince Ribbit (D:8)
  2 tarantellas (Spider:1)
  4 blink frogs (Lair:4)
  6 dream sheep (Lair:3)
  A jumping spider (Spider:1)
  2 wraiths
  31 yaks
  4 culicivoras (Spider:1)
  A slime creature (D:9)
  5 wyverns
  3 basilisks
  A redback (Spider:1)
  2 steam dragons (D:7)
  12 water moccasins
  An ice beast (D:6)
  9 orc warriors
  2 sky beasts (D:7)
  9 wolves
  2 ogres
  3 centaurs
  A phantom (D:7)
  A kobold brigand (D:8)
  14 bullfrogs
  3 gnoll sergeants
  3 scorpions
  5 wights (D:9)
  6 howler monkeys
  A jelly (D:6)
  2 hounds
  14 orc priests
  3 sleepcaps
  2 iguanas
  7 orc wizards
  2 hell rats (Lair:1)
  12 gnolls
  5 adders
  5 river rats (Lair:1)
  2 shadow imps
  An ufetubus (D:4)
  3 worms
  2 dart slugs
  68 orcs
  4 ball pythons
  7 endoplasms
  2 giant cockroaches (D:2)
  4 hobgoblins
  5 jackals
  9 kobolds
  4 quokkas
  3 frilled lizards
  3 goblins
  7 rats
352 creatures vanquished.

Vanquished Creatures (collateral kills)
  A wolf (Lair:3)
1 creature vanquished.

Vanquished Creatures (others)
  142 foxfires
142 creatures vanquished.

Grand Total: 495 creatures vanquished

Notes
Turn   | Place    | Note
-------+----------+-------------------------------------------
     0 | D:1      | Zalbag the Djinni Fire Elementalist began the quest for the
                  | Orb.
     0 | D:1      | Zalbag set off with the following spells memorised:
                  | Foxfire, Scorch, Volatile Blastmotes, Inner Flame, Flame
                  | Wave.
     0 | D:1      | Reached XP level 1. HP: 15/15 MP: 0/0
   128 | D:1      | Reached XP level 2. HP: 19/22 MP: 0/0
   162 | D:1      | Found Catapi's Weapon Shoppe.
   271 | D:1      | Reached skill level 1 in Fighting
   467 | D:1      | Reached XP level 3. HP: 27/27 MP: 0/0
   467 | D:1      | Learned a level 1 spell: Necrotise
   706 | D:2      | Identified the +10 dagger of Usiurarch {freeze, rF+ rC+
                  | Dex+2}
   751 | D:2      | Found Imexoro's Magic Scroll Boutique.
   754 | D:2      | Bought 2 scrolls of identify for 48 gold pieces
   911 | D:2      | Reached XP level 4. HP: 32/32 MP: 0/0
  1293 | D:3      | Found a faded altar of an unknown god.
  1297 | D:3      | Prayed at the altar of an unknown god.
  1297 | D:3      | Became a worshipper of Elyvilon the Healer
  1297 | D:3      | Reached * piety under Elyvilon
  1568 | D:3      | Found a burning altar of Makhleb.
  1568 | D:3      | Noticed an Executioner
  1973 | D:4      | Reached ** piety under Elyvilon
  1976 | D:4      | Reached XP level 5. HP: 34/37 MP: 0/0
  1976 | D:4      | Learned a level 2 spell: Lesser Beckoning
  1981 | D:4      | Reached skill level 1 in Short Blades
  2133 | D:4      | Found a glowing silver altar of Zin.
  2364 | D:4      | Reached XP level 6. HP: 42/42 MP: 0/0
  2558 | D:5      | Entered Level 5 of the Dungeon
  2558 | D:5      | Noticed an ogre
  2570 | D:5      | Reached skill level 1 in Invocations
  2573 | D:5      | Killed an ogre
  2644 | D:5      | Reached XP level 7. HP: 41/47 MP: 0/0
  2644 | D:5      | Learned a level 2 spell: Ensorcelled Hibernation
  2685 | D:5      | Noticed a water moccasin
  2689 | D:5      | Killed a water moccasin
  2920 | D:5      | Found a hazy altar of Hepliaklqana.
  3001 | D:5      | Reached *** piety under Elyvilon
  3006 | D:5      | Found Kise Uph's Fire Supplies.
  3196 | D:5      | Found a glowing golden altar of the Shining One.
  3226 | D:5      | Reached XP level 8. HP: 30/55 MP: 0/0
  3361 | D:6      | Found a staircase to the Ecumenical Temple.
  3393 | Temple   | Entered the Ecumenical Temple
  3423 | D:6      | Was placed under penance by Elyvilon
  3776 | D:3      | Noticed a ynoxinul
  3776 | D:3      | Noticed a smoke demon
  3778 | D:3      | Fell from the grace of Elyvilon
  3778 | D:3      | Became a worshipper of Makhleb the Destroyer
  4130 | D:6      | Noticed Maggie
  4143 | D:6      | Killed Maggie
  4144 | D:6      | Reached skill level 5 in Spellcasting
  4315 | D:6      | Reached XP level 9. HP: 39/60 MP: 0/0
  4315 | D:6      | Learned a level 3 spell: Vampiric Draining
  4657 | D:7      | Reached skill level 5 in Stealth
  4800 | D:7      | Reached skill level 5 in Short Blades
  4816 | D:7      | HP: 3/60 [steam dragon (5)]
  4837 | D:7      | Reached * piety under Makhleb
  4842 | D:7      | Was forgiven by Elyvilon
  5059 | D:7      | Reached skill level 5 in Dodging
  5077 | D:7      | Found a bloodstained altar of Trog.
  5077 | D:7      | Found a sacrificial altar of Ru.
  5088 | D:7      | Found a broken altar of Ashenzari.
  5447 | D:8      | Noticed Prince Ribbit
  5577 | D:7      | Reached XP level 10. HP: 40/67 MP: 0/0
  5653 | D:8      | Identified the staff of poison "Xeuz" {rPois Dex+2 Stlth+}
  5939 | D:8      | Found an ornate altar of the Wu Jian Council.
  6298 | D:8      | Killed Prince Ribbit
  6422 | D:8      | Found a blossoming altar of Fedhas.
  7051 | D:9      | Reached ** piety under Makhleb
  7492 | D:9      | Noticed a kobold demonologist
  7523 | D:9      | Killed a kobold demonologist
  7524 | D:9      | Reached skill level 5 in Fighting
  7545 | D:9      | Noticed a moth of wrath
  7548 | D:9      | Killed a moth of wrath
  7549 | D:9      | Reached XP level 11. HP: 49/76 MP: 0/0
  7549 | D:9      | Learned a level 5 spell: Lee's Rapid Deconstruction
  7550 | D:9      | Noticed a deep elf pyromancer
  7553 | D:9      | Killed a deep elf pyromancer
  7575 | D:9      | Noticed a boulder beetle
  7595 | D:9      | Noticed a cyclops
  7602 | D:9      | Killed a cyclops
  7819 | D:9      | Identified the +3 sling "Fefeh" {elec, rElec Str-4 Stlth+}
  7924 | D:9      | Found a staircase to the Orcish Mines.
  7939 | D:9      | Reached *** piety under Makhleb
  8195 | Orc:1    | Entered Level 1 of the Orcish Mines
  8203 | Orc:1    | Noticed an orc high priest
  8208 | Orc:1    | Noticed an orc sorcerer
  8219 | D:9      | Killed an orc high priest
  8517 | D:9      | Killed a boulder beetle
  8594 | D:9      | Identified the ring "Beme Yqu" {rElec rF+ Str+3 SInv}
  9129 | D:10     | Entered Level 10 of the Dungeon
  9132 | D:10     | Noticed Snorg
  9309 | D:10     | Found Hostrias's Magic Scroll Shop.
  9326 | D:10     | Bought 2 scrolls of blinking for 195 gold pieces
  9326 | D:10     | Bought a scroll of teleportation for 39 gold pieces
  9326 | D:10     | Bought a scroll of fear for 52 gold pieces
  9326 | D:10     | Bought a scroll of identify for 26 gold pieces
  9326 | D:10     | Bought a scroll of identify for 26 gold pieces
  9326 | D:10     | Bought a scroll of noise for 13 gold pieces
  9338 | D:10     | Reached skill level 1 in Armour
  9418 | D:10     | Found Tostrepuy's Distillery.
  9453 | D:10     | Found a staircase to the Lair.
  9465 | Lair:1   | Entered Level 1 of the Lair of Beasts
  9545 | Lair:1   | Reached XP level 12. HP: 82/83 MP: 0/0
  9561 | Lair:1   | Reached **** piety under Makhleb
  9736 | Lair:1   | Reached skill level 1 in Evocations
 10013 | Lair:1   | Noticed Urug
 10022 | Lair:1   | Killed Urug
 10060 | Lair:1   | Noticed a death yak
 10060 | Lair:1   | Noticed a death yak
 10272 | Lair:1   | Noticed Sonja
 10282 | Lair:1   | Killed Sonja
 10500 | Lair:2   | Noticed a boulder beetle
 10508 | Lair:2   | Killed a boulder beetle
 10701 | Lair:2   | Found a hole to the Spider Nest.
 10872 | Lair:2   | Noticed a skyshark
 10876 | Lair:2   | Killed a skyshark
 10947 | Lair:2   | Noticed a four-headed hydra
 10949 | Lair:2   | Killed a four-headed hydra
 11386 | Lair:3   | Found a staircase to the Shoals.
 11438 | Lair:3   | Reached XP level 13. HP: 56/93 MP: 0/0
 11438 | Lair:3   | Learned a level 5 spell: Fireball
 12372 | Lair:4   | Reached skill level 10 in Spellcasting
 12394 | Lair:4   | Reached skill level 10 in Stealth
 12459 | Lair:4   | Reached ***** piety under Makhleb
 13156 | Lair:4   | Reached skill level 10 in Dodging
 13776 | Lair:5   | Entered Level 5 of the Lair of Beasts
 13778 | Lair:5   | Noticed a four-headed hydra
 13778 | Lair:5   | Noticed a six-headed hydra
 13781 | Lair:5   | Noticed a six-headed hydra
 13954 | Lair:5   | Noticed an eight-headed hydra
 14016 | Lair:5   | Noticed a six-headed hydra
 14110 | Spider:1 | Entered Level 1 of the Spider Nest
 14324 | Spider:1 | Noticed a radroach
 14437 | Spider:1 | Reached skill level 1 in Shields
 14470 | Spider:1 | Noticed a spark wasp
 14471 | Spider:1 | Noticed a ghost moth
 14473 | Spider:1 | Killed a spark wasp
 14474 | Spider:1 | Noticed an entropy weaver
 14480 | Spider:1 | HP: 7/141 [ghost moth (4)]
 14481 | Spider:1 | Slain by a ghost moth

Illustrated notes

Levels and vault maps discovered:
D:1:      eino_arrival_water_star, layout_rooms, serial_shops,
          nicolae_shop_waterfront, minmay_strange_pillars
D:2:      layout_rooms, serial_shops, nicolae_shop_real_fake_doors
D:3:      layout_basic, nicolae_overflow_hidden_temple,
          makhleb_altar_promises_db, basic_ecumenical_altar,
          minmay_misc_feat_plants
D:4:      layout_loops_ring, kennysheep_mini, nicolae_sif_muna_little_library
D:5:      layout_cave_pools, tso_oasis_becter, mainiacjoe_overflow_24_doors,
          minmay_misc_feat_five, nicolae_shop_fire_sale [nicolae_sub_dead_trees]
D:6:      layout_rooms, vehumet_statue, minmay_temple_entry_statues_pillars,
          uniq_maggie
D:7:      layout_rooms, gammafunk_temple_overflow_claw,
          corexii_item_surrounded_by_moat, hangedman_decor_riveting
D:8:      layout_layer_cave, nzn_wu_jian_contemplation, fedhas_altar_3,
          uniq_prince_ribbit1
D:9:      layout_small_grid, minmay_orc_entry_temple_small,
          chequers_decorated_corner, minmay_pinched_square
D:10:     layout_basic, serial_shops, nicolae_shop_crystal,
          nicolae_shop_dealshenge, shop, uniq_joseph, uniq_snorg
Temple:   nicolae_temple_bog_church
Lair:1:   layout_roguey, dreamdust_mushroom_princess, kennysheep_rathole,
          uniq_urug, uniq_sonja
Lair:2:   layout_regular_city, dummy_spider_entry,
          grunt_forest_large_clearing_hut
Lair:3:   layout_regular_city, elwin_shoals_entry_rocks,
          chequers_serial_rivers_room_a, eino_small_chamber_without_monster,
          grunt_megastairs_2, lemuel_fruit_tree
Lair:4:   layout_layer_cave
Lair:5:   grunt_lair_end_beastmaster, layout_gridlike,
          minmay_slime_entry_oklob_open, grunt_megastairs_3
Spider:1: layout_spider_delve, nicolae_spider_wall_of_niches
Orc:1:    layout_caves, basic_altar, guppyfry_library_mini, uniq_harold

Skill      XL: |  1  2  3  4  5  6  7  8  9 10 11 12 13 |
---------------+----------------------------------------+-----
Fighting       | 1 2 3 5 6 8 9 |  9.4
Spellcasting   | 3 4 5 6 7 8 9 10 | 10.4
Stealth        | 2 3 4 5 6 8 9 10 | 10.5
Short Blades   | 1 2 3 4 5 6 |  6.0
Invocations    | 1 2 |  2.1
Dodging        | 3 5 6 8 9 10 | 10.3
Armour         | 2 |  2.4
Evocations     | 1 |  1.0
Shields        | 2 |  2.3

Action                     |  1- 3 |  4- 6 |  7- 9 | 10-12 | 13-15 || total
---------------------------+-------+-------+-------+-------+-------++-------
  Melee: Unarmed           |     1 |       |       |       |       ||     1
         Dagger            |    19 |    48 |    68 |   170 |    74 ||   379
         Whip              |     6 |       |       |       |       ||     6
         Punch             |       |       |       |     2 |       ||     2
  Throw: Dart              |       |     6 |    24 |    29 |    34 ||    93
   Cast: Foxfire           |    22 |     4 |    12 |    37 |     7 ||    82
         Scorch            |     6 |    21 |    73 |    95 |    25 ||   220
         Necrotise         |     3 |     1 |     1 |    16 |     7 ||    28
         Ensorcelled Hiber |       |       |    17 |   109 |    59 ||   185
         Vampiric Draining |       |       |    11 |    22 |    11 ||    44
         Volatile Blastmot |       |       |     2 |     5 |     1 ||     8
         Lee's Rapid Decon |       |       |       |     3 |       ||     3
         Lesser Beckoning  |       |       |       |     1 |     1 ||     2
         Fireball          |       |       |       |       |     3 ||     3
 Invoke: Heal Other        |       |       |     2 |       |       ||     2
  Evoke: Wand              |       |       |       |     7 |     3 ||    10
    Use: Scroll            |     3 |     2 |     1 |     6 |     4 ||    16
         Potion            |       |       |     2 |       |     6 ||     8
   Stab: Sleeping          |     4 |     4 |    16 |    73 |    44 ||   141
         Invisible         |       |       |       |       |     1 ||     1
 Armour: Robe              |     3 |     3 |     8 |     9 |       ||    23
         Leather armour    |       |       |       |    34 |    33 ||    67
         Skin              |       |       |       |       |    16 ||    16
  Dodge: Dodged            |    19 |    39 |   121 |   255 |   167 ||   601
